 Dungeon Crawl Stone Soup version 0.28-a0-1213-g0243856f03 (webtiles) character file.

Game seed: 7658082880283672170

652 r3xj the Cudgeller (level 7, -9/64 HPs)
             Began as a Minotaur Fighter on Dec 22, 2021.
             Mangled by an ogre (25 damage)
             ... on level 4 of the Dungeon.
             The game lasted 00:04:54 (3692 turns).

r3xj the Cudgeller (Minotaur Fighter)               Turns: 3692, Time: 00:04:54

Health: -9/64      AC:  7    Str: 22    XL:     7   Next: 28%
Magic:  6/6        EV:  9    Int:  5    God:
Gold:   182        SH:  4    Dex: 10    Spells: 6/6 levels left

rFire   . . .      SeeInvis .   a - +0 flail
rCold   . . .      Faith    .   c - +0 buckler
rNeg    . . .      Spirit   .   b - +0 scale mail
rPois   .          Reflect  .   (helmet restricted)
rElec   .          Harm     .   (no cloak)
rCorr   .          Rampage  .   (no gloves)
Will    +....                   (no boots)
Stlth   ..........              (no amulet)
HPRegen 0.20/turn               k - ring of willpower
MPRegen 0.10/turn               (no ring)

@: slowed, very slow
A: horns 2, retaliatory headbutt
a: no special abilities


You were on level 4 of the Dungeon.
You visited 1 branch of the dungeon, and saw 4 of its levels.

You collected 182 gold pieces.

Inventory:

Hand Weapons
 a - a +0 flail (weapon)
Missiles
 s - 11 poisoned darts (quivered)
Armour
 b - a +0 scale mail (worn)
 c - a +0 buckler (worn)
 r - a +0 plate armour
Jewellery
 k - a ring of willpower (left hand)
Scrolls
 e - a scroll of fear {unknown}
 g - 2 scrolls of magic mapping {unknown}
 i - 5 scrolls of identify {unknown}
 j - 4 scrolls of acquirement {unknown}
 m - a scroll of teleportation {unknown}
 n - a scroll of blinking {unknown}
 o - a scroll of enchant armour {unknown}
 t - a scroll of silence {unknown}
Potions
 d - 2 potions of might
 f - 3 potions of mutation {unknown}
 h - 2 potions of lignification {unknown}
 l - a potion of haste {unknown}
 p - a potion of flight {unknown}
 q - a potion of curing {unknown}
 u - a potion of heal wounds {unknown}


   Skills:
 + Level 6.5 Fighting
 * Level 7.7 Maces & Flails
 - Level 4.0 Armour
 - Level 4.0 Shields


You had 6 spell levels left.
You didn't know any spells.
Your spell library contained the following spells:

 Spells                   Type           Power      Damage    Failure   Level
 Beastly Appendage        Tmut           0%         N/A       80%         1
 Sting                    Tmut/Pois      0%         1d3       80%         1
 Poisonous Vapours        Pois/Air       0%         N/A       90%         2
 Wereblood                Tmut           0%         N/A       90%         2
 Gell's Gravitas          Tloc           0%         N/A       99%         3
 Lesser Beckoning         Tloc           0%         N/A       99%         3
 Spider Form              Tmut/Pois      0%         N/A       99%         3
 Teleport Other           Tloc           0%         N/A       99%         3
 Olgreb's Toxic Radiance  Pois           0%         N/A       100%        4


Dungeon Overview and Level Annotations

Branches:
Dungeon (4/15)
 Temple: D:4-7

Altars:


Innate Abilities, Weirdness & Mutations

You have a pair of horns on your head.
You reflexively headbutt those who attack you in melee.


Message History

No target in view!
No target in view!
u - a sapphire potion You now have 182 gold pieces (gained 11).
There is a large open door here.
Natasha, Servant of Life and Death comes into view.
Natasha hisses angrily.
Natasha is nearby!
Natasha is nearby!
Natasha is nearby!
Natasha is nearby!
Natasha casts a spell at you.
You feel yourself slow down. Natasha closely misses you.
You barely miss Natasha. Natasha completely misses you. Natasha misses you.
You hit Natasha.
Natasha is moderately wounded.
Natasha claws you but does no damage.
You sock Natasha!
You kill Natasha!
You feel Natasha's spirit has finally been put to rest.
No target in view!
No target in view!
An ogre comes into view. It is wielding a +0 giant spiked club.
The ogre shouts!
An ogre is nearby!
An ogre is nearby!
An ogre is nearby!
You block the ogre's attack.
You thump the ogre!
The ogre is moderately wounded.
The ogre hits you with a +0 giant spiked club!!
You barely miss the ogre.
The ogre is moderately wounded.
The ogre hits you with a +0 giant spiked club!!
* * * LOW HITPOINT WARNING * * *
You are too injured to fight recklessly!
You block the ogre's attack.
The ogre hits you with a +0 giant spiked club!!
You die...

.########...##########.)########.
............# #...............#.
#######.###.# #.#####..######.#.
#.# #.# #.# #..###...#.. #.# #.#
#.# #......##.#. #.#
#.####.#####..######.#.
####.###.............# #.#.
#...........O........######.#.
#.##.......##@####........#.#.
#.........###..<##............
####.#######.# ######''#####.#.##
.....# #.# ##§≈§..≈≈≈##.#.##
####.# #.# ##≈§≈§..≈≈≈≈###..† #.#
#..##§≈§≈≈..≈§≈≈≈##### #.#
####≈≈≈≈≈≈..≈§§≈§≈# #.#
≈≈≈≈≈≈≈.§§§≈≈≈≈§ ##.#
§§§≈≈≈≈.§≈≈≈≈≈≈§


You could see an ogre.

Vanquished Creatures
  Sigmund (D:2)
  A black bear (D:4)
  A necrophage (D:4)
  A scorpion (D:4)
  Natasha (thrice) (D:4)
  An orc wizard (D:3)
  6 adders
  2 adder skeletons (D:4)
  3 worms
  A dart slug (D:2)
  9 orcs (D:3)
  6 ball pythons
  3 bats
  6 endoplasms
  2 giant cockroaches (D:2)
  7 hobgoblins
  2 jackals (D:4)
  3 quokkas
  5 frilled lizards
  8 goblins
  5 kobolds
  2 rats
78 creatures vanquished.

Notes
Turn   | Place    | Note
-------+----------+-------------------------------------------
     0 | D:1      | r3xj the Minotaur Fighter began the quest for the Orb.
     0 | D:1      | Reached XP level 1. HP: 19/19 MP: 0/0
   357 | D:1      | Reached XP level 2. HP: 27/27 MP: 1/1
  1213 | D:2      | Reached XP level 3. HP: 30/33 MP: 2/2
  1340 | D:2      | Noticed Sigmund
  1354 | D:2      | Killed Sigmund
  1355 | D:2      | Reached skill level 5 in Fighting
  1355 | D:2      | Reached skill level 5 in Maces & Flails
  1355 | D:2      | Reached XP level 4. HP: 30/42 MP: 3/3
  1355 | D:2      | Reached XP level 5. HP: 35/48 MP: 4/4
  2225 | D:3      | Reached XP level 6. HP: 56/56 MP: 5/5
  2437 | D:3      | Reached skill level 6 in Maces & Flails
  2926 | D:4      | Noticed Natasha
  2944 | D:4      | Killed Natasha
  3474 | D:4      | Noticed Natasha
  3478 | D:4      | Killed Natasha
  3479 | D:4      | Reached skill level 7 in Maces & Flails
  3568 | D:4      | Reached XP level 7. HP: 56/63 MP: 6/6
  3671 | D:4      | Noticed Natasha
  3677 | D:4      | Killed Natasha
  3692 | D:4      | Mangled by an ogre

Illustrated notes

Levels and vault maps discovered:
D:1:      scummos_arrival_simple_fountains, layout_basic
D:2:      layout_basic, uniq_sigmund
D:3:      layout_basic
D:4:      kennysheep_big_flooded_room, layout_loops_ring, lemuel_blue_sif_altar,
          uniq_natasha

Skill      XL: |  1  2  3  4  5  6 |
---------------+-------------------+-----
Armour         | 4 |  4.0
Fighting       | 4 5 6 |  6.5
Shields        | 4 |  4.0
Maces & Flails | 5 7 |  7.7

Action                   |  1- 3 |  4- 6 |  7- 9 || total
-------------------------+-------+-------+-------++-------
Melee: Flail             |    77 |   123 |    13 ||   213
       Headbutt          |     9 |    19 |     1 ||    29
  Use: Potion            |     1 |       |       ||     1
Armor: Scale mail        |    25 |    45 |    10 ||    80
Dodge: Dodged            |    32 |    56 |    15 ||   103
Block: Buckler           |    11 |    25 |     4 ||    40

Table legend: (Time is in decaauts)
 A = Elapsed time spent in this place.
 B = Non-inter-level travel time spent in this place.
 C = Inter-level travel time spent in this place.
 D = Time resting spent in this place.
 E = Time spent auto-exploring this place.
 F = Levels seen in this place.
 G = Mean time per level.
                   A        B        C        D        E       F      G
               +--------+--------+--------+--------+--------+-----+--------+
         Total |   3731 |   3581 |    150 |      0 |   3089 |   4 |  932.8 |
       Dungeon |   3731 |   3581 |    150 |      0 |   3089 |   4 |  932.8 |
               +--------+--------+--------+--------+--------+-----+--------+

Top non-repeatable levels by time:
     D:3: 971 daAuts
     D:2: 931 daAuts
     D:4: 923 daAuts
     D:1: 905 daAuts
